 Dungeon Crawl Stone Soup version 0.30.1-4-g462c640d31 (webtiles) character file.

Game seed: 16823149461579172814

35 arthad the Cutter (level 3, 0/24 HPs)
             Began as a Kobold Berserker on Aug 28, 2023.
             Was a Believer of Trog.
             Slain by an adder (4 damage)
             ... on level 2 of the Dungeon.
             The game lasted 00:01:52 (1447 turns).

arthad the Cutter (Kobold Berserker)                Turns: 1447, Time: 00:01:53

Health: 0/24       AC:  3    Str: 14    XL:     3   Next: 55%
Magic:  3/3        EV: 15    Int:  8    God:    Trog [**....]
Gold:   56         SH:  0    Dex: 16    Spells: 2/2 levels left

rFire   . . .        a - +0 short sword
rCold   + . .        (no shield)
rNeg    . . .        b - +0 animal skin
rPois   .            (no helmet)
rElec   .            d - +0 cloak
rCorr   .            (no gloves)
SInv    .            (no boots)
Will    .....        (no amulet)
Stlth   +++          (no ring)
HPRegen 0.24/turn    (no ring)
MPRegen 0.08/turn

%: no passive effects
@: lethally poisoned (0 -> -3)
A: small, no large weapons, nightstalker 3, cold resistance 1
a: Renounce Religion, Berserk, Trog's Hand


You were on level 2 of the Dungeon.
You worshipped Trog.
Trog was pleased with you.
You visited 1 branch of the dungeon, and saw 2 of its levels.

You collected 56 gold pieces.

Inventory:

Hand Weapons
 a - a +0 short sword (weapon)
Armour
 b - a +0 animal skin (worn)
 d - a +0 cloak (worn)
Jewellery
 g - a ring of fire
Scrolls
 c - a scroll of enchant weapon {unknown}
 e - a scroll of fog {unknown}
 h - a scroll of torment {unknown}
Potions
 f - 2 potions of mutation


   Skills:
 * Level 3.7 Fighting
 * Level 4.5 Short Blades
 + Level 1.8 Armour
 + Level 2.8 Dodging
 + Level 1.4 Stealth


You had 2 spell levels left.
You didn't know any spells.
Your spell library was empty.

Dungeon Overview and Level Annotations

Branches:
Dungeon (2/15)

Altars:


Innate Abilities, Weirdness & Mutations

You are small and have problems with some larger weapons.
You are completely attuned to the shadows.
Your flesh is cold resistant. (rC+)


Message History

You barely miss the adder.
You feel sick. The adder bites you.
You are more poisoned.
The adder poisons you!
You closely miss the adder.
You feel sick. The adder misses you.
You closely miss the adder.
You feel sick. The adder closely misses you.
You closely miss the adder.
You feel sick. The adder misses you.
You closely miss the adder.
You feel sick. The adder bites you.
You miss the adder.
You feel sick. The adder bites you but does no damage.
You are too injured to fight recklessly!
You are too injured to fight recklessly!
You are too injured to fight recklessly!
You hit the adder.
The adder is lightly wounded.
The adder closely misses you.
You miss the adder.
The adder is lightly wounded.
You feel sick. The adder bites you but does no damage.
You miss the adder.
The adder is lightly wounded.
You feel sick. The adder bites you but does no damage.
You miss the adder.
The adder is lightly wounded.
You feel sick.
You are no longer poisoned.
The adder bites you.
You are poisoned.
The adder poisons you!
You closely miss the adder.
The adder is lightly wounded.
* * * LOW HITPOINT WARNING * * *
You feel sick. The adder misses you.
You hit the adder but do no damage.
The adder is lightly wounded.
* * * LOW HITPOINT WARNING * * *
You feel sick. The adder bites you but does no damage.
It was a potion of mutation.
You feel extremely strange.
You feel resistant to cold.
* * * LOW HITPOINT WARNING * * *
You feel sick. The adder bites you but does no damage. The adder bites you.
You die...

#.# #.# #.#
#.# #.#
#>##########
#..).......#
##########.#
.<.S@.# #.#
#####.# #.#
#.# #.# #.#
#.# #.# #.#
#.# #.#
#.####.##
#.......#
#########


You could see an adder.

Vanquished Creatures
  A dart slug (D:2)
  6 ball pythons (D:1)
  2 endoplasms (D:1)
  5 giant cockroaches
  A goblin (D:1)
  5 hobgoblins
  2 kobolds
  3 quokkas (D:1)
  A bat (D:1)
  3 rats
29 creatures vanquished.

Notes
Turn   | Place    | Note
-------+----------+-------------------------------------------
     0 | D:1      | arthad the Kobold Berserker began the quest for the Orb.
     0 | D:1      | Reached XP level 1. HP: 14/14 MP: 1/1
   317 | D:1      | Reached XP level 2. HP: 19/19 MP: 2/2
   571 | D:1      | Reached skill level 1 in Stealth
   643 | D:1      | Reached XP level 3. HP: 22/23 MP: 3/3
  1021 | D:1      | Reached ** piety under Trog
  1447 | D:2      | Gained mutation: Your flesh is cold resistant. (rC+)
                  | [potion of mutation]
  1447 | D:2      | Slain by an adder

Illustrated notes

Levels and vault maps discovered:
D:1:      dpeg_arrival_connections, layout_basic,
          chequers_serial_rivers_micro_a, minmay_tall_x
D:2:      layout_basic, minmay_rat_hole

Skill      XL: |  1  2 |
---------------+-------+-----
Stealth        | 1 |  1.4
Fighting       | |  3.7
Short Blades   | |  4.5
Armour         | |  1.8
Dodging        | |  2.8

Action                     || total
---------------------------++-------
  Melee: Short sword       ||   119
         Punch             ||     1
    Use: Potion            ||     1
   Stab: Sleeping          ||     9
 Armour: Animal skin       ||    15
  Dodge: Dodged            ||    60
